AoeStats
← tavoo

Arabia

507769579Analyzed
1v1 RM · 14d ago on Sep 19, 2026· 15m 44s· 2 players
Game mode
Random Map
Map size
Tiny (2 player)
Population
200
Speed
Normal
Resources
Standard
Victory
Conquest
Starting age
Dark Age
Ending age
Imperial Age
RankedLock teamsTeams togetherTeam positionsShared explorationLock speedFull tech treeHidden civsTurbo modeCheats
Victory
Defeat
🇲🇽 Turks · Mexico
1435
+17
🇹🇼 Romans · Taiwan
1451
-17
tavoo
7:17 Loom
9:34 Feudal Age
9:37 Man-at-Arms
11:52 Wheelbarrow
11:37 Arson
12:43 Double-Bit Axe
14:59 Fletching
allenboon
8:22 Loom
11:13 Feudal Age
Connection lost

Rejoining the realm…

Still unreachable

The connection could not be restored.

Session expired

The server has moved on; the page needs a fresh start.